Map: Oceanborn LE

Players

peter

  • Race: Terran Terran
  • League: Platinum
  • Spawn Location: 11:00

SubN - Winner!

  • Race: Zerg Zerg
  • League: Diamond
  • Spawn Location: 5:00

VOD

Have the link to the VOD?

Description

Time

  • Played on: Dec. 25, 2023, 3:02 a.m.
  • Length: 4:34
Show
View Real Time Build Order
Export as new Build Order

peter Terran 

Build Orders:  

Get SALT Encoding   

  12  0:01  SCV  
  13  0:13  SCV  
  14  0:17  Supply Depot  
  14  0:27  SCV  
  15  0:42  Refinery  
  15  0:43  Barracks  
  15  0:49  SCV  
  16  1:10  SCV  
  17  1:27  SCV  
  18  1:37  Marine  
  19  1:42  Command Center  
  19  1:53  Bunker  
  19  1:54  Marine, SCV  
  21  2:09  Orbital Command  
  21  2:12  Marine  
  22  2:27  Supply Depot  
  22  2:38  Barracks Tech Lab  
  22  2:51  Barracks  
  22  2:52  Barracks  
  22  2:54  Engineering Bay  
  13  3:35  Orbital Command  
  13  3:46  SCV  
  14  3:58  SCV  
  15  4:05  Marine  
  15  4:07  SCV  
  17  4:10  SCV  
  18  4:20  Refinery, SCV  
Show
View Real Time Build Order
Export as new Build Order

SubN Zerg - Winner!

Build Orders: Pool First 

Get SALT Encoding   

  12  0:00  Drone  
  13  0:11  Overlord  
  13  0:17  Drone  
  14  0:30  Drone x2  
  14  0:33  Drone  
  17  0:37  Extractor  
  16  0:45  Drone  
  17  0:50  Spawning Pool  
  17  0:56  Drone  
  17  1:19  Hatchery  
  16  1:26  Drone x2  
  18  1:33  Overlord  
  18  1:41  Metabolic Boost  
  18  1:52  Queen  
  20  2:00  Zergling x4  
  22  2:02  Zergling x2  
  23  2:18  Drone  
  24  2:43  Queen  
  26  2:44  Queen  
  28  2:53  Overlord  
  28  2:55  Overlord  
  28  3:07  Hatchery  
  24  3:28  Drone x9  
  33  3:42  Pneumatized Carapace  
  33  3:51  Drone x4  
  37  4:02  Drone x4  
  41  4:10  Drone x2  
  41  4:11  Drone  
  41  4:12  Baneling Nest  
  41  4:14  Extractor  
  42  4:17  Extractor  
Tags
 
Add a new tag
Caveats
  • Supply blocks, unpowered buildings, or Contaminate may cause inaccurate times.
  • Supply counts are checked every 10 seconds.